[Event "49th Biel Juniors Challenge"]
[Site "Biel"]
[Date "2016.07.25"]
[Round "5"]
[White "Bok, Benjamin"]
[Black "Georgiadis, Nico"]
[Result "1-0"]
[ECO "D38"]
[WhiteElo "2613"]
[BlackElo "2470"]
[PlyCount "115"]
[EventDate "2016.??.??"]
[EventCountry "SUI"]
[Source "ChessBase"]
[TimeControl "900+5"]

1. d4 Nf6 2. c4 e6 3. Nf3 d5 4. Nc3 Bb4 5. cxd5 exd5 6. Bg5 h6 7. Bh4 c5 8. e3 c4 9. Be2 g5 10. Bg3 Ne4 11. Rc1 Qa5 12. O-O Bxc3 13. bxc3 O-O 14. Ne5 Nc6 15. Bh5 Be6 16. f3 Nxg3 17. hxg3 Nxe5 18. dxe5 Qc5 19. Qd2 Bf5 20. f4 Bd3 21. Be2 Be4 22. Qd4 Qxd4 23. exd4 f5 24. Bf3 Bxf3 25. Rxf3 g4 26. Rf2 Kf7 27. Rb2 b6 28. a4 Ke6 29. Rb5 Rfc8 30.
Ra1 Rc6 31. a5 Rb8 32. Rab1 h5 33. Kf2 Rb7 34. Ke3 Rb8 35. R1b2 Rb7 36. Rc5 Rbc7 37. axb6 axb6 38. Rxc6+ Rxc6 39. Rb5 Rc8 40. Rxb6+ Ke7 41. Rf6 Ra8 42. Rxf5 Ra3 43. Kd2 Ra2+ 44. Kc1 Rxg2 45. Rxh5 Rxg3 46. Kb2 Rf3 47. f5 g3 48. Rh7+ Kf8 49. f6 Ke8 50. Re7+ Kf8 51. Rg7 Ke8 52. Ka3 Rxc3+ 53. Kb4 Rf3 54. Kc5 c3 55. Kd6 Kf8 56. e6 Rxf6 57. Rxg3 c2 58. Rc3 1-0

[Event "49th Biel Juniors Challenge"]
[Site "Biel"]
[Date "2016.07.26"]
[Round "6"]
[White "Georgiadis, Nico"]
[Black "Bok, Benjamin"]
[Result "0-1"]
[ECO "A62"]
[WhiteElo "2470"]
[BlackElo "2613"]
[PlyCount "100"]
[EventDate "2016.??.??"]
[EventCountry "SUI"]
[Source "ChessBase"]
[TimeControl "40/6000+30:20/3000+30:900+30"]

1. d4 Nf6 2. c4 g6 3. g3 Bg7 4. Bg2 c5 5. d5 O-O 6. Nc3 e6 7. Nf3 exd5 8.
cxd5 d6 9. O-O Re8 10. Bf4 Bf5 11. Nh4 Bc8 12. Nf3 Bf5 13. Nh4 Bc8 14. Qd2 a6 15. a4 Qe7 16. Rfe1 Nbd7 17. Nf3 Rb8 18. e4 Ng4 19. Qe2 Nde5 20. a5 b5 21. axb6 Rxb6 22. Ra2 Nxf3+ 23. Bxf3 Ne5 24. Bg2 Qb7 25. h3 Bd7 26. Rea1 Rb8 27. Kh2 h5 28. Be3 Rb4 29. f4 Nc4 30.
Bg1 h4 31. gxh4 Nxb2 32. Rc1 Rb3 33. e5 Qb4 34. Ne4 Nd3 35.
Rf1 dxe5 36. fxe5 Bxe5+ 37. Kh1 Re8 38. h5 Kg7 39. hxg6 fxg6 40. Rxa6 Nf4 41. Rxf4 Bxf4 42. Ra7 Re7 43. Rxd7 Rxd7 44. Nxc5 Rf7 45. Qe8 Rb1 46. Ne6+ Kh6 47. Qxf7 Rxg1+ 48. Kxg1 Qe1+ 49. Bf1 Qe3+ 50. Kh1 Qf3+ 0-1

[Event "49th Biel Juniors Challenge"]
[Site "Biel"]
[Date "2016.07.28"]
[Round "7"]
[White "Bok, Benjamin"]
[Black "Georgiadis, Nico"]
[Result "1/2-1/2"]
[ECO "E62"]
[WhiteElo "2613"]
[BlackElo "2470"]
[PlyCount "54"]
[EventDate "2016.??.??"]
[EventCountry "SUI"]
[Source "ChessBase"]
[TimeControl "40/6000+30:20/3000+30:900+30"]

1. Nf3 Nf6 2. g3 g6 3. Bg2 Bg7 4. c4 O-O 5. d4 d6 6. Nc3 Nc6 7. O-O e5 8. dxe5 Nxe5 9. Nxe5 dxe5 10. Qxd8 Rxd8 11. Bg5 Rd7 12. Nd5 Nxd5 13. cxd5 h6 14. Bd2 c6 15. dxc6 Rxd2 16. cxb7 Bxb7 17. Bxb7 Rb8 18. Ba6 Rbxb2 19. a4 e4 20. Rad1 Bc3 21. e3 Rxd1 22. Rxd1 Bd2 23. Kf1 f5 24. Ke2 Ba5+ 25. Kf1 Bd2 26. Ke2 Ba5+ 27. Kf1 Bd2 1/2-1/2

[Event "49th Biel Juniors Challenge"]
[Site "Biel"]
[Date "2016.07.29"]
[Round "8"]
[White "Georgiadis, Nico"]
[Black "Bok, Benjamin"]
[Result "1/2-1/2"]
[ECO "A40"]
[WhiteElo "2470"]
[BlackElo "2613"]
[PlyCount "80"]
[EventDate "2016.??.??"]
[EventCountry "SUI"]
[Source "ChessBase"]
[TimeControl "40/6000+30:20/3000+30:900+30"]

1. d4 Nf6 2. c4 e6 3. g3 Bb4+ 4. Bd2 Be7 5. Bg2 d5 6. Nf3 O-O 7. O-O Nbd7 8. Qc2 c6 9. Rd1 b6 10. Bf4 Ba6 11. Ne5 Rc8 12. cxd5 Nxd5 13. Nc3 Nxe5 14. Bxe5 f6 15. Bf4 Nxf4 16. gxf4 f5 17. Qa4 Bb7 18. Qxa7 Qc7 19. Rac1 Bh4 20. Nb5 Bxf2+ 21. Kh1 Qd7 22. Qxb6 cxb5 23. Qxb7 Qxb7 24. Bxb7 Rxc1 25. Rxc1 Bxd4 26.
Kg2 Rb8 27. Rc8+ Rxc8 28. Bxc8 Kf7 29. b4 Bc3 30. Ba6 Bxb4 31.
Bxb5 Ba3 32. Kf3 Kf6 33. e4 fxe4+ 34. Kxe4 g6 35. Bd7 Ke7 36. Bc8 Kf6 37. Bd7 Ke7 38. Bc8 Kf6 39. Bd7 Ke7 40. Bc8 Kf6 1/2-1/2

[Event "49th Biel Juniors Challenge"]
[Site "Biel"]
[Date "2016.07.31"]
[Round "9"]
[White "Bok, Benjamin"]
[Black "Georgiadis, Nico"]
[Result "0-1"]
[ECO "A05"]
[WhiteElo "2613"]
[BlackElo "2470"]
[PlyCount "112"]
[EventDate "2016.??.??"]
[EventCountry "SUI"]
[Source "ChessBase"]
[TimeControl "40/6000+30:20/3000+30:900+30"]

1. Nf3 Nf6 2. g3 b6 3. Bg2 Bb7 4. O-O g6 5. c4 Bg7 6. d4 O-O 7. d5 Ne4 8. Qc2 f5 9. Nbd2 Nd6 10. e4 c6 11. e5 Nf7 12. e6 Nd6 13. Ng5 h6 14. Nh3 g5 15. Nb3 cxd5 16. Bxd5 Bxd5 17. cxd5 dxe6 18. dxe6 Qc8 19. Qd1 Nc6 20. Re1 Qe8 21. Be3 Bxb2 22. Rb1 Bg7 23. Rc1 Rc8 24. f4 g4 25. Nf2 Nb4 26. Bd4 Bxd4 27. Nxd4 Rxc1 28. Qxc1 Qa4 29. Qb1 Nxa2 30. Qd3 Nb4 31. Qb1 Na2 32. Qd3 Nb4 33. Qb1 Nd5 34. Qd3 Qc4 35. Re5 Qxd3 36. Nxd3 Nc7 37. Nb4 Kg7 38. Nbc6 Kf6 39. Nxa7 Ra8 40. Nac6 Ra1+ 41. Kf2 Ra2+ 42. Ke1 Ra4 43. Ke2 h5 44. Kd3 Na6 45. Kc3 Nc5 46. Kc2 Rc4+ 47. Kd1 b5 48. Ke2 b4 49. Na5 Rxd4 50. Rxc5 Re4+ 51. Kd3 Rxe6 52. Nc6 Ne4 53. Rc1 Rd6+ 54. Ke3 b3 55. Nd4 b2 56. Rb1 Nc3 0-1

[Event "49th Biel Juniors Challenge"]
[Site "Biel"]
[Date "2016.08.01"]
[Round "10"]
[White "Georgiadis, Nico"]
[Black "Bok, Benjamin"]
[Result "0-1"]
[ECO "A62"]
[WhiteElo "2470"]
[BlackElo "2613"]
[PlyCount "92"]
[EventDate "2016.??.??"]
[EventCountry "SUI"]
[Source "ChessBase"]
[TimeControl "40/6000+30:20/3000+30:900+30"]

1. d4 Nf6 2. c4 e6 3. g3 c5 4. d5 exd5 5. cxd5 d6 6. Nc3 g6 7. Bg2 Bg7 8. Nf3 O-O 9. O-O Re8 10. Bf4 Bf5 11. Nh4 Bc8 12. Nf3 Bf5 13. Nh4 Bc8 14. Qd2 Qb6 ({Via a different move order, the two players have transposed into
Moiseenko-Cordova played just a few months ago. In it, Cordova played instead} 
14... Na6 15. h3 Bd7 16. a4 c4 17. Bh6 Bh8 18. Qf4 Nc5 19. Qxc4 Rc8 20. a5 Nce4
21. Qb4 Rxc3 22. bxc3 Nxd5 23. Qxb7 Ndxc3 24. Kh2 g5 25. Nf3 Bb5 26. Qxa7 Bxe2
27. Rfe1 Qf6 28. Bxg5 Nxg5 29. Nxg5 Qxg5 30. a6 Nb5 31. Rxe2 Nxa7 32. Rxe8+ Kg7
33. Rb1 Qc5 34. Rbb8 Qxf2 35. Rxh8 Nc6 36. Rhg8+ Kh6 37. Rb1 Ne5 38. Rf1 Qb6
39. Rf6+ Ng6 40. Rxd6 Qf2 41. Rf6 Qa2 42. Rf8 {1-0 (40) Moiseenko,A (2668)
-Cordova,E (2610) Moscow 2016}) 15. Rab1 Nbd7 16. Nf3 Ne4 17. Qc2 Ndf6 18. Nd2 Nxd2 19. Bxd2 Bd7 20. h3 ({Komodo 10
suggests instead a more frank battle with f3-e4-g4 for White, while Black
counters with} 20. f3 Qa6 {freeing the path for ...b5 followed by ...Qb6 and ..
.a6}) 20... Qc7 21. e4 b5 22. Rfe1 Rac8 23. Nd1 c4 24. Ne3 Qb6 25. Rbd1 Rc7 26. a3 a5 (26... Bc8 {was an interesting alternative, with the idea of freeing the d7
square so the knight can maneuver to c5 with Nd7-c5.}) 27. Bc3 b4 28. Bd4 Qb5 29. axb4 axb4 30. b3 c3 31. Bf1 Qb8 32. Nc4 Rcc8 {[%emt 0:01:55] [#]} 33. e5 $2 {[%emt 0:02:19] A serious tactical
oversight that will soon compromise White's position.} (33. Ra1 {was
straightforward and best.}) 33... Bf5 34. Bd3 Rxc4 $1 35. bxc4 (35. Bxf5 $4 Rxd4 36. Rxd4
dxe5 37. Rc4 gxf5 38. Qxf5 Nxd5 $19) 35... dxe5 36. Be3 e4 ({Also worth considering was} 36... Bxh3 {
gaining a pawn, and weaking the light squares around the king. There is really
no obvious downside to this since the black e-pawn will always be free to
advance later, and the passed queenside pawns were not in any danger.}) 37. Bf1 b3 38. Qxc3 Nxd5 39. Qa5 Nxe3 40. Rxe3 Bh6 41. Re2 (41. f4 {was forced here,
trying to limit the scope of the bishops.} b2 (41... exf3 $4 {loses to} 42.
Rxe8+ Qxe8 43. Rd8) 42. Qa4 {preventing b1:Q due to Rxb1 Qxb1 Qxe8+} Re6 43.
Rb1 {but things would still be very grim for White.}) 41... e3 42. Qe1 b2 43. Rb1 exf2+ 44. Kxf2 Qa7+ 45. Kg2 Rxe2+ 46. Bxe2 Qa2 0-1